 Dungeon Crawl Stone Soup version 0.27-a0-1561-g6b5ea61 (webtiles) character file.

Game seed: 1558162414612288556

226 Meow the Conjurer (level 6, 37/45 HPs)
             Began as a Ghoul Conjurer on July 16, 2021.
             Quit the game on level 6 of the Dungeon.
             The game lasted 00:07:39 (3291 turns).

Meow the Conjurer (Ghoul Conjurer)                  Turns: 3291, Time: 00:07:40

Health: 37/45      AC:  2    Str: 11    XL:     6   Next: 1%
Magic:  9/10       EV: 11    Int: 15    God:
Gold:   100        SH:  0    Dex:  7    Spells: 5/12 levels left

rFire    + . .     SeeInvis .   a - +0 hunting sling
rCold    + . .     Faith    .   (no shield)
rNeg     + + +     Spirit   .   d - +0 robe
rPois    ∞         Reflect  .   (no helmet)
rElec    .         Harm     .   (no cloak)
rCorr    .         Rampage  .   (no gloves)
Will     .....                  (no boots)
Stlth    ++........             k - amulet of magic regeneration
HPRegen  0.00/turn              n - ring of protection from fire
MPRegen  0.37/turn              (no ring)

@: no status effects
A: claws 1, cold resistance 1, negative energy resistance 3, inhibited
regeneration, torment resistance 2
a: no special abilities


You were on level 6 of the Dungeon.
You visited 1 branch of the dungeon, and saw 6 of its levels.

You collected 100 gold pieces.

Inventory:

Hand Weapons
 a - a +0 hunting sling (weapon)
Missiles
 c - 8 sling bullets
 f - 103 stones (quivered ammo)
 i - 31 arrows
 m - 14 poisoned darts
Armour
 d - a +0 robe (worn)
Jewellery
 k - an amulet of magic regeneration (around neck)
 n - a ring of protection from fire (left claw)
Wands
 t - a wand of acid (7)
Scrolls
 b - a scroll of magic mapping {unknown}
 e - a scroll of blinking {unknown}
 h - a scroll of teleportation
 j - a scroll of brand weapon {unknown}
 l - 2 scrolls of identify {unknown}
 u - a scroll of enchant armour {unknown}
Potions
 g - a potion of curing {unknown}
 o - a potion of attraction {unknown}
 p - a potion of heal wounds {unknown}
 q - a potion of cancellation {unknown}
 r - a potion of might {unknown}
 s - 2 potions of haste {unknown}


   Skills:
 - Level 1.7 Dodging
 - Level 2.1 Stealth
 + Level 3.7 Spellcasting
 + Level 4.7 Conjurations


You had 5 spell levels left.
You knew the following spells:

 Your Spells              Type           Power      Damage    Failure   Level
a - Magic Dart            Conj           68%        1d6       2%          1
b - Searing Ray           Conj           34%        3d4       4%          2
A - Iskenderun's Mystic   Conj/Tloc      9%         2d4       56%         4

Your spell library contained the following spells:

 Spells                   Type           Power      Damage    Failure   Level
 Dazzling Flash           Conj/Hex       18%        N/A       22%         3
 Fulminant Prism          Conj/Hex       4%         3d6       56%         4


Dungeon Overview and Level Annotations

Branches:
Dungeon (6/15)
 Temple: D:4-7

Altars:
Nemelex Xobeh

Annotations:
D:3 1 runed translucent door, Terra's ghost, amateur PaWn
D:5 Pikel


Innate Abilities, Weirdness & Mutations

You thrive by killing the living.
You are immune to poison.
You have sharp fingernails.
Your flesh is cold resistant. (rC+)
You are immune to negative energy. (rN+++)
You do not regenerate when monsters are visible.
You are immune to unholy pain and torment.


Message History

Increase (S)trength, (I)ntelligence, or (D)exterity?
You feel clever.
You climb downwards.
There is a stone staircase leading up here.
You start resting.
Magic restored.
A jackal comes into view.
The jackal moves out of view.
Pikel the Slaver comes into view.
He is wielding a +1 whip of freezing and carrying a wand of acid (11).
Pikel shouts!
You hear a shout! x3
A lemure comes into view. x2
The jackal barks!
Casting: Searing Ray (safe; 4% risk of failure)
Confirm with . or Enter, or press ? or * to list all spells.
Aiming: Searing Ray (safe; 4% risk of failure)
Press: ? - help, Shift-Dir - straight line, f - jackal
Aim: a jackal (72% to hit)
The searing ray hits the jackal!
You kill the jackal! (Press . to maintain the ray.)
A water moccasin comes into view.
The searing ray misses Pikel.
The water moccasin hisses angrily.
The searing ray misses Pikel.
The searing ray misses Pikel.
The searing ray misses the lemure.
You finish channeling your searing ray.
Unknown command.
The water moccasin barely misses you.
Pikel zaps a wand.
The bolt of acid misses you.
Found a shiny ring mail and a mace.
Found a stone staircase leading down.
A scorpion zombie comes into view.
Found 11 gold pieces.
Found a stone staircase leading down.
The water moccasin bites you.
The scorpion zombie moves out of view.
An orc wizard comes into view. It is wielding a +0 dagger.
There is a stone staircase leading down here.
The water moccasin bites you. The water moccasin barely misses you.
You climb downwards.
Found a stone staircase leading up.
There is a stone staircase leading up here.
Are you sure you want to abandon this character and quit the game? (Confirm with "yes".)

##.## .<
##.O.# ...
##....###...
...........
........
..... #S.#
#@.# ##..#
.## .. ##.
##


You could see a water moccasin and an ogre (asleep).

Vanquished Creatures
  A hound (D:4)
  An iguana (D:2)
  An orc wizard (D:3)
  4 gnolls (D:2)
  3 adders
  3 dart slugs
  3 orcs (D:3)
  6 endoplasms
  2 giant cockroaches
  12 goblins
  2 hobgoblins
  4 jackals
  3 kobolds
  9 quokkas
  4 ball pythons
  6 bats
  2 frilled lizards
  6 rats
72 creatures vanquished.

Notes
Turn   | Place    | Note
-------+----------+-------------------------------------------
     0 | D:1      | Meow the Ghoul Conjurer began the quest for the Orb.
     0 | D:1      | Reached XP level 1. HP: 14/14 MP: 2/2
   175 | D:1      | Reached XP level 2. HP: 19/20 MP: 0/4
   251 | D:1      | Found a faded altar of an unknown god.
   376 | D:1      | Learned a level 2 spell: Searing Ray
   672 | D:1      | Reached XP level 3. HP: 16/26 MP: 1/5
  1834 | D:2      | Reached skill level 4 in Conjurations
  1834 | D:2      | Reached XP level 4. HP: 33/33 MP: 3/7
  2038 | D:2      | Reached XP level 5. HP: 38/38 MP: 5/8
  2341 | D:3      | Found a sparkling altar of Nemelex Xobeh.
  2483 | D:3      | Found a runed translucent door.
  2582 | D:3      | Noticed Terra's ghost (amateur PaWn)
  2632 | D:3      | Learned a level 4 spell: Iskenderun's Mystic Blast
  3176 | D:4      | Noticed an ogre
  3257 | D:4      | Reached XP level 6. HP: 45/45 MP: 5/10
  3258 | D:5      | Entered Level 5 of the Dungeon
  3274 | D:5      | Noticed Pikel
  3279 | D:5      | Noticed a water moccasin
  3291 | D:6      | Quit the game

Illustrated notes

Levels and vault maps discovered:
D:1:      dpeg_arrival_round_a, layout_loops_ring,
          hellmonk_ecumenical_altar_crossroads
D:2:      layout_loops_ring, hangedman_abyss_or_decor_lesser_grid, st_stairs_10
D:3:      layout_basic, general_overflow_altar, ebering_ghost_sewer_d,
          minmay_close_crescents
D:4:      layout_rooms
D:5:      layout_loops_ring, nicolae_gozag_zags_fifth_avenue,
          mainiacjoe_overflow_large_starburst, nicolae_dithmenos_shadow_blocks,
          temple_hall, uniq_pikel
D:6:      cheibrodos_thug_alley, layout_cave_pools, lightli_orcish_oven

Skill      XL: |  1  2  3  4 |
---------------+-------------+-----
Spellcasting   | 2 3 |  3.7
Conjurations   | 4 |  4.7
Dodging        | |  1.7
Stealth        | |  2.1

Action                   |  1- 3 |  4- 6 || total
-------------------------+-------+-------++-------
 Fire: Hunting sling     |    52 |     2 ||    54
 Cast: Magic Dart        |    20 |       ||    20
       Searing Ray       |    16 |    26 ||    42
  Use: Scroll            |       |     1 ||     1
Armor: Robe              |    11 |     2 ||    13
Dodge: Dodged            |    16 |     9 ||    25

Table legend: (Time is in decaauts)
 A = Elapsed time spent in this place.
 B = Non-inter-level travel time spent in this place.
 C = Inter-level travel time spent in this place.
 D = Time resting spent in this place.
 E = Time spent auto-exploring this place.
 F = Levels seen in this place.
 G = Mean time per level.
                   A        B        C        D        E       F      G
               +--------+--------+--------+--------+--------+-----+--------+
         Total |   3305 |   3116 |    189 |    734 |   1794 |   6 |  550.8 |
       Dungeon |   3305 |   3116 |    189 |    734 |   1794 |   6 |  550.8 |
               +--------+--------+--------+--------+--------+-----+--------+

Top non-repeatable levels by time:
     D:1: 1477 daAuts
     D:3: 894 daAuts
     D:2: 862 daAuts
     D:4: 39 daAuts
     D:5: 31 daAuts
     D:6: 0 daAuts
